 Dungeon Crawl Stone Soup version 0.17-a0-377-gdd46233 (webtiles) character file.

74 esc the Ruffian (level 4, -1/33 HPs)
             Began as a Demonspawn Gladiator on Apr 1, 2015.
             Slain by a worm (7 damage)
             ... on level 2 of the Dungeon.
             The game lasted 00:03:02 (1981 turns).

esc the Ruffian (Demonspawn Gladiator)              Turns: 1981, Time: 00:03:02

Health: -1/33      AC:  6    Str: 16    XL:     4   Next: 10%
Magic:  4/4        EV: 13    Int:  9    God:
Gold:   101        SH:  0    Dex: 16    Spells: 0 memorised, 3 levels left

rFire  . . .     SeeInvis .       - Unarmed
rCold  . . .     Clarity  .     b - +0 leather armour
rNeg   . . .     SustAb   .     (no shield)
rPois  .         Gourm    .     c - +0 helmet
rElec  .         Spirit   .     e - +0 cloak
rCorr  .         Warding  .     f - +0 pair of gloves
rMut   .         Stasis   .     (no boots)
MR     .....                    (no amulet)
Stlth  +++.......               (no ring)
                                p - ring of wizardry {Wiz+, !d}

@: not resistant to hostile enchantments, fairly stealthy
A: thin skeletal structure 1, nightstalker 1
a: no special abilities


You were on level 2 of the Dungeon.
You were not hungry.

You visited 1 branch of the dungeon, and saw 2 of its levels.

You collected 101 gold pieces.

Inventory:

Missiles
 d - 3 throwing nets (quivered) {=f, !d}
Armour
 b - a +0 leather armour (worn)
 c - a +0 helmet (worn)
 e - a +0 cloak (worn)
   (You found it on level 1 of the Dungeon)
 f - a +0 pair of gloves (worn)
   (You found it on level 2 of the Dungeon)
Jewellery
 p - a ring of wizardry (left hand) {Wiz+, !d}
   (You found it on level 2 of the Dungeon)
Scrolls
 j - a scroll of enchant weapon {unknown}
 l - 2 scrolls of immolation {unknown}
 o - a scroll of amnesia {unknown}
Potions
 g - a potion of magic {unknown}
 h - a potion of cure mutation {unknown}
 i - 3 potions of curing {unknown}
 n - a potion of heal wounds {unknown}
Comestibles
 a - a bread ration {@e1}
 k - a slice of pizza
 m - a meat ration {@e2}


   Skills:
 - Level 2.0 Fighting
 - Level 1.7 Throwing
 - Level 2.6 Dodging
 + Level 4.5 Unarmed Combat


You had 3 spell levels left.
You didn't know any spells.

Dungeon Overview and Level Annotations

Branches:
Dungeon (2/15)

Altars:

Annotations:
D:2 exclusion: Jessica, Jessica


Innate Abilities, Weirdness & Mutations

You have a somewhat thin skeletal structure (Dex +2, Stealth).
You are slightly more attuned to the shadows.


Message History

You regained 9 hp, and now have 15/27 hp.
You start resting.
You regained 9 hp, and now have 24/27 hp.
You start resting.
Eating a chunk of flesh {@w0}.
You continue eating. x2
Health restored: 27
p - a tubular ruby ring An adder comes into view.
Put on which piece of jewellery? (? for menu, Esc to quit)
p - a ring of wizardry (left hand)
You barely miss the adder. The adder closely misses you.
The adder closely misses you.
You barely miss the adder. The adder barely misses you.
You miss the adder. The adder bites you but does no damage.
You miss the adder. You punch the adder. The adder barely misses you.
You closely miss the adder. The adder barely misses you. The adder bites you.
You are poisoned.
The adder poisons you!
You take 1 damage, and have 26/27 hp.
You hit the adder.
You feel sick. The adder misses you.
You take 1 damage, and have 25/27 hp.
You barely miss the adder. The adder barely misses you.
You hit the adder.
You feel sick. The adder bites you.
You are more poisoned.
The adder poisons you!
You take 2 damage, and have 23/27 hp.
You hit the adder.
You kill the adder!
You have reached level 4!
You feel stronger.
Your demonic ancestry asserts itself...
Your bones become slightly less dense.
You feel sick.
You regained 4 hp, and now have 27/33 hp.
MP restored: 4 You see here an adder corpse.
You butcher the adder corpse.
You feel sick.
q - a chunk of flesh {@w0} You see here an adder skeleton.
You take 1 damage, and have 26/33 hp.
You feel sick.
l - 2 scrolls labeled LEBOF KYTEUR (gained 1)
You feel sick.
You take 2 damage, and have 24/33 hp.
You start resting.
You feel sick. x6
You are no longer poisoned.
You take 3 damage, and have 21/33 hp.
You start resting.
You regained 11 hp, and now have 32/33 hp.
You see here an adder skeleton.
Found a stone staircase leading down.
Health restored: 33 You now have 89 gold pieces (gained 11).
You now have 101 gold pieces (gained 12).
A worm and Jessica come into view.
A kobold comes into view. It is wielding a club.
You start waiting.
You closely miss the kobold. The kobold barely misses you.
You closely miss the kobold. Your punch misses the kobold.
The kobold hits you with a club.
You take 2 damage, and have 31/33 hp.
You hit the kobold. The kobold hits you but does no damage.
You miss the kobold. The kobold hits you with a club.
You take 1 damage, and have 30/33 hp.
You hit the kobold.
You kill the kobold!
You barely miss the worm. You hit the worm. The worm barely misses you.
You hit the worm. You punch the worm. You hit the worm but do no damage.
The worm bites you but does no damage.
You hit the worm. You barely miss the worm. The worm bites you.
You take 2 damage, and have 28/33 hp.
You hit the worm. The worm bites you.
All of the chunks of flesh in your inventory have rotted away.
You take 5 damage, and have 23/33 hp.
You hit the worm. You hit the worm. The worm bites you.
You take 3 damage, and have 20/33 hp.
You hit the worm.
Your leather armour prevents you from hitting the worm.
The worm bites you.
You take 4 damage, and have 16/33 hp.
You are too injured to fight recklessly!
You are too injured to fight recklessly!
You are too injured to fight recklessly!
You are too injured to fight recklessly!
You hit the worm. You hit the worm. The worm closely misses you.
You barely miss the worm. You hit the worm. The worm bites you.
You take 4 damage, and have 12/33 hp.
You hit the worm. The worm bites you!
* * * LOW HITPOINT WARNING * * *
You take 7 damage, and have 5/33 hp.
MASSIVE DAMAGE!!
You barely miss the worm. You completely miss the worm. The worm bites you!
You die...

#..........#.##.###.............#
#.......#..#.##.# #####...#.##...
#...............# #.............
##########.###### .##....#.....
#.# #[...#.#.## #.# ##.
#.K#.#.#.## #.#
####.#.##.##.#.#... #.#
#..).........#.#### ..#
#.@###.........# # ###
##w##........##..)..
#.....#....#.##.####
#..#.#.#...#........
#............##.###.
#.#######.w..# # #. #.......# ##
###?##### ....


You could see a worm.

Vanquished Creatures
  Natasha (twice) (D:2)
  2 adders (D:2)
  A worm (D:2)
  An ooze (D:2)
  2 giant cockroaches (D:1)
  2 hobgoblins (D:1)
  A quokka (D:2)
  2 giant newts (D:1)
  A goblin (D:1)
  4 kobolds
  2 rats
20 creatures vanquished.

Notes
Turn   | Place    | Note
--------------------------------------------------------------
     0 | D:1      | esc, the Demonspawn Gladiator, began the quest for the Orb.
     0 | D:1      | Reached XP level 1. HP: 16/16 MP: 1/1
   415 | D:1      | Reached skill level 3 in Unarmed Combat
   840 | D:1      | Gained mutation: You are slightly more attuned to the shadows. [demonic ancestry]
   840 | D:1      | Reached XP level 2. HP: 22/22 MP: 2/2
  1173 | D:2      | Noticed Natasha
  1191 | D:2      | Killed Natasha
  1191 | D:2      | Reached skill level 4 in Unarmed Combat
  1191 | D:2      | Reached XP level 3. HP: 8/27 MP: 3/3
  1450 | D:2      | Noticed Natasha
  1463 | D:2      | HP: 5/27 [Natasha/magic dart (4)]
  1465 | D:2      | Killed Natasha
  1731 | D:2      | Gained mutation: You have a somewhat thin skeletal structure (Dex +2, Stealth). [demonic ancestry]
  1731 | D:2      | Reached XP level 4. HP: 28/33 MP: 4/4
  1932 | D:2      | Noticed Jessica
  1979 | D:2      | HP: 5/33 [worm (7)]
  1981 | D:2      | Slain by a worm

Action                   |  1- 3 |  4- 6 || total
-------------------------+-------+-------++-------
Melee: Unarmed           |   133 |    23 ||   156
Throw: Throwing net      |     3 |       ||     3
 Stab: Sleeping          |     1 |       ||     1
  Eat: Chunk             |     3 |       ||     3

Vault maps used:
D:1:      minmay_arrival_floating_metal
D:2:      uniq_natasha, uniq_jessica

Table legend:
 A = Turns spent in this place as a percentage of turns spent in the entire game.
 B = Non-inter-level travel turns spent in this place as a percentage of non-inter-level travel turns spent in the entire game.
 C = Inter-level travel turns spent in this place as a percentage of turns spent in this place.
 D = Turns resting spent in this place as a percentage of non-inter-level travel turns spent in this place.
 E = Turns spent auto-exploring this place as a percentage of non-inter-level travel turns spent in this place.
 F = Non-inter-level travel turns spent in this place divided by the number of levels of this place that you've seen.
                   A       B       C       D       E      F
               +-------+-------+-------+-------+-------+----------------------
         Total | 100.0 | 100.0 |   0.2 |   5.3 |   7.9 | 216.5
       Dungeon | 100.0 | 100.0 |   0.2 |   5.3 |   7.9 | 216.5
               +-------+-------+-------+-------+-------+----------------------

Table legend:
 A = Kills in this place as a percentage of kills in entire the game.
 B = Kills by you in this place as a percentage of kills by you in the entire game.
 C = Kills by friends in this place as a percentage of kills by friends in the entire game.
 D = Other kills in this place as a percentage of other kills in the entire game.
 E = Experience gained in this place as a percentage of experience gained in the entire game.
 F = Experience gained in this place divided by the number of levels of this place that you have seen.
                   A       B       C       D       E      F
               +-------+-------+-------+-------+-------+----------------------
         Total | 100.0 | 100.0 |  -nan |  -nan | 100.0 |  53.5
       Dungeon | 100.0 | 100.0 |  -nan |  -nan | 100.0 |  53.5
               +-------+-------+-------+-------+-------+----------------------
